 Dungeon Crawl Stone Soup version 0.31.0-12-g77e489cdc1 (webtiles) character file.

Game seed: 9833630982498463222

101 lordive the Cutter (level 4, 0/51 HPs)
             Began as a Demonspawn Gladiator on Feb 29, 2024.
             Slain by a gnoll
             ... wielding a +0 halberd
              (4 damage)
             ... on level 3 of the Dungeon.
             The game lasted 00:05:36 (2097 turns).

lordive the Cutter (Demonspawn Gladiator)           Turns: 2097, Time: 00:05:37

Health: 0/51       AC: 22    Str: 11 (14) XL:     4   Next: 48%
Magic:  4/4        EV:  2    Int: 12 (14) God:
Gold:   93         SH:  4    Dex: 12 (15) Spells: 1/3 levels left

rFire   . . .        a - +0 rapier
rCold   . . .        (no shield)
rNeg    . . .        b - melded +0 leather armour
rPois   +            c - melded +0 helmet
rElec   .            (cloak currently unavailable)
rCorr   .            (gloves currently unavailable)
SInv    .            (boots currently unavailable)
Will    .....        (no amulet)
Stlth   +            (no ring)
HPRegen 0.28/turn    (no ring)
MPRegen 0.09/turn

%: no passive effects
@: brilliant, tree-form
A: stationary, stasis, torment immunity, boosted hp, big brain 2, condensation
shield
a: no special abilities


You were on level 3 of the Dungeon.
You were a tree.
You visited 1 branch of the dungeon, and saw 3 of its levels.

You collected 93 gold pieces.

Inventory:

Hand Weapons
 a - a +0 rapier (weapon)
 l - a +2 whip of freezing
Missiles
 d - 3 throwing nets (quivered)
 e - a javelin
Armour
 b - a +0 leather armour (melded)
 c - a +0 helmet (melded)
Scrolls
 g - a scroll of amnesia {unknown}
 j - 2 scrolls of identify {unknown}
 n - a scroll of noise {unknown}
 o - a scroll of teleportation {unknown}
Potions
 i - a potion of brilliance


   Skills:
 + Level 2.3 Fighting
 + Level 3.7 Short Blades
 - Level 1.7 Throwing
 + Level 1.0 Armour
 + Level 3.3 Dodging
 + Level 0.2 Shields
 * Level 0.2 Spellcasting
 * Level 0.4 Hexes


You had one spell level left.
You knew the following spells:

 Your Spells              Type           Power      Damage    Failure   Level
a - Ensorcelled Hibernat  Hex/Ice        2%         N/A       41%         2

Your spell library contained the following spells:

 Spells                   Type           Power      Damage    Failure   Level
 Freeze                   Ice            0%         1d3       32%         1
 Fugue of the Fallen      Necr           0%         N/A       69%         3
 Anguish                  Hex/Necr       0%         N/A       96%         4


Dungeon Overview and Level Annotations

Branches:
Dungeon (3/15)

Altars:

Shops:
D:1 [


Innate Abilities, Weirdness & Mutations

You are a tree.
Your roots penetrate the ground, keeping you stationary.
You cannot be teleported.
You are immune to unholy pain and torment.
Your maximum health is greatly increased.
Your equipment is partially melded.
You have an extremely huge brain. (Int +4)
A meltable shield of frost defends you. (SH +4)


Message History

The gnoll attacks as it pursues you! You block the gnoll's attack.
The gnoll attacks as it pursues you! The gnoll hits you with a +0 flail.
* * * LOW HITPOINT WARNING * * *
The gnoll attacks as it pursues you! The gnoll closely misses you.
It was a potion of brilliance.
You feel clever all of a sudden. The gnoll barely misses you.
It was a potion of degeneration.
There was something very wrong with that liquid.
You feel weakened.
You feel dopey.
You feel clumsy. The gnoll barely misses you.
It was a potion of curing.
You feel better. The gnoll hits you with a +0 flail!
* * * LOW HITPOINT WARNING * * *
It was a potion of lignification.
You turn into a tree.
Your +0 helmet melds into your body.
Your +0 leather armour melds into your body.
Your roots penetrate the ground.
The gnoll hits you but does no damage.
You hit the gnoll.
You kill the gnoll!
The gnoll hits you but does no damage.
You hit the gnoll.
The gnoll is moderately wounded.
You block the gnoll's attack. The gnoll hits you but does no damage.
You hit the gnoll.
The gnoll is heavily wounded.
The gnoll hits you from afar with a +0 halberd.
* * * LOW HITPOINT WARNING * * *
The gnoll hits you with a +0 club.
* * * LOW HITPOINT WARNING * * *
You hit the gnoll but do no damage.
The gnoll is heavily wounded.
The gnoll hits you but does no damage. x2
As you read the scroll labelled BOH LEWEHAAMN, it crumbles to dust.
You feel a surge of unholy energy.
The gnoll convulses! x2
The goblin convulses!
It was a scroll of torment.
The gnoll barely misses you. You block the gnoll's attack.
You hit the gnoll.
You kill the gnoll!
The gnoll hits you from afar with a +0 halberd.
You die...

###..######.......#
.........g......†##
(.#.##.####g.>..#.#
.... #.#
#####..#####.# #.##
#.# #........# #.
#.# ##g####### #
#.# #g# #.#######
#)# ##.......# #♣#
#........###.######
#.#####...........#
######.###.####.#
#...........#
#.####.###..# #.
#.# #..# .. #.#
#..# #.##.###..##


You could see a gnoll and a goblin.

Vanquished Creatures
  2 gnolls (D:3)
  3 adders
  2 dart slugs
  A ribbon worm (D:2)
  An orc (D:3)
  5 ball pythons
  3 endoplasms
  A giant cockroach (D:2)
  5 goblins
  A hobgoblin (D:1)
  11 jackals
  8 kobolds
  4 quokkas (D:1)
  3 frilled lizards
  4 rats
54 creatures vanquished.

Notes
Turn   | Place    | Note
-------+----------+-------------------------------------------
     0 | D:1      | lordive the Demonspawn Gladiator began the quest for the
                  | Orb.
     0 | D:1      | Reached XP level 1. HP: 16/16 MP: 1/1
   128 | D:1      | Gained mutation: You have an unusually large brain. (Int
                  | +2) [demonic ancestry]
   128 | D:1      | Reached XP level 2. HP: 21/22 MP: 2/2
   570 | D:1      | Gained mutation: A meltable shield of frost defends you.
                  | (SH +4) [demonic ancestry]
   570 | D:1      | Reached XP level 3. HP: 13/27 MP: 3/3
   682 | D:1      | Found Uptec's Antique Armour Shop.
  1123 | D:2      | Found a faded altar of an unknown god.
  1140 | D:2      | Got Plato's Verses on Freezing
  1952 | D:3      | Gained mutation: You have an extremely huge brain. (Int +4)
                  | [demonic ancestry]
  1952 | D:3      | Reached XP level 4. HP: 32/33 MP: 4/4
  1967 | D:3      | Learned a level 2 spell: Ensorcelled Hibernation
  2023 | D:3      | Reached skill level 1 in Armour
  2097 | D:3      | Slain by a gnoll

Illustrated notes

Levels and vault maps discovered:
D:1:      dpeg_arrival_castle, layout_loops_ring, serial_shops, shop
D:2:      layout_basic, shapermc_ecumenical_altar_rom_forum
D:3:      layout_loops_ring, grunt_gozag_statues, uniq_ijyb

Skill      XL: |  1  2  3  4 |
---------------+-------------+-----
Short Blades   | 3 |  3.7
Dodging        | 3 |  3.3
Armour         | 1 |  1.0
Fighting       | |  2.3
Throwing       | |  1.7
Shields        | |  0.2
Spellcasting   | |  0.2
Hexes          | |  0.4

Action                     |  1- 3 |  4- 6 || total
---------------------------+-------+-------++-------
  Melee: Rapier            |   179 |    29 ||   208
         Punch             |     1 |       ||     1
    Use: Potion            |       |     4 ||     4
         Scroll            |       |     1 ||     1
   Stab: Sleeping          |     1 |       ||     1
 Armour: Leather armour    |    93 |    17 ||   110
         Skin              |       |     8 ||     8
  Dodge: Dodged            |   103 |    19 ||   122
  Block: Other             |    12 |     9 ||    21
